 Dungeon Crawl Stone Soup version 0.26-a0-538-ge4b5d95 (webtiles) character file.

Game seed: 4821562886603734849

1315 MrTaco21 the Basher (level 8, -11/46 HPs)
             Began as a Gargoyle Fighter on Aug 14, 2020.
             Was an Initiate of Qazlal.
             Mangled by an orc warrior
             ... wielding a +0 trident
              (13 damage)
             ... on level 5 of the Dungeon.
             The game lasted 00:07:33 (5966 turns).

MrTaco21 the Basher (Gargoyle Fighter)              Turns: 5966, Time: 00:07:33

Health: -11/46     AC: 19    Str: 22    XL:     8   Next: 58%
Magic:  8/8        EV:  4    Int:  9    God:    Qazlal [......]
Gold:   277        SH: 10    Dex: 15    Spells: 7/7 levels left

rFire    . . .     SeeInvis .   a - +0 flail
rCold    . . .     Faith    .   c - +0 kite shield
rNeg     + . .     Spirit   .   n - +0 plate armour
rPois    ∞         Reflect  .   (no helmet)
rElec    +         Harm     .   (no cloak)
rCorr    +                      w - +0 pair of gloves
MR       .....                  y - +0 pair of boots
Stlth    ..........             (no amulet)
HPRegen  0.15/turn              g - ring of resist corrosion
MPRegen  0.11/turn              i - +6 ring of dexterity

@: no status effects
A: negative energy resistance 1, electricity resistance, unbreathing,
petrification resistance, rot immunity, AC +5
a: Renounce Religion


You were on level 5 of the Dungeon.
You worshipped Qazlal.
Qazlal was noncommittal.
You visited 2 branches of the dungeon, and saw 7 of its levels.

You collected 277 gold pieces.

Inventory:

Hand Weapons
 a - a +0 flail (weapon)
Missiles
 r - 19 poisoned darts (quivered)
 s - 2 throwing nets {!f}
Armour
 c - a +0 kite shield (worn)
 n - a +0 plate armour (worn)
   (You found it on level 2 of the Dungeon)
 w - a +0 pair of gloves (worn)
   (You found it on level 3 of the Dungeon)
 y - a +0 pair of boots (worn)
   (You found it on level 4 of the Dungeon)
Jewellery
 g - a ring of resist corrosion (left hand)
   (You found it on level 2 of the Dungeon)
 i - a +6 ring of dexterity (right hand)
   (You found it on level 2 of the Dungeon)
Wands
 t - a wand of flame (22)
   (You took it off Jessica on level 3 of the Dungeon)
 u - a wand of paralysis (3)
   (You took it off Ijyb on level 5 of the Dungeon)
 v - a wand of digging (4)
   (You found it on level 5 of the Dungeon)
Scrolls
 e - 4 scrolls of magic mapping
 f - 6 scrolls of identify {@r1}
 j - a scroll of noise {unknown}
 m - 2 scrolls of teleportation {@r4}
 p - a scroll of blinking {unknown}
 q - a scroll of enchant armour {unknown}
 E - a scroll of fog {unknown}
 F - a scroll of remove curse {@r2}
 H - a scroll of holy word {unknown}
Potions
 b - 2 potions of stabbing {unknown}
 d - 2 potions of might
 h - 2 potions of lignification {unknown}
 k - 3 potions of ambrosia {unknown}
 l - 3 potions of degeneration {unknown}
 o - a potion of curing {@q1}
 x - a potion of flight {unknown}
 z - 4 potions of brilliance {unknown}
 A - 2 potions of haste {unknown}
 B - a potion of berserk rage {unknown}
 C - a potion of magic {unknown}
 D - a potion of heal wounds {unknown}
 G - a potion of mutation {unknown}


   Skills:
 - Level 3.2 Fighting
 + Level 10.3 Maces & Flails
 - Level 3.2 Armour
 - Level 3.2 Shields


You had 7 spell levels left.
You didn't know any spells.
Your spell library was empty.

Dungeon Overview and Level Annotations

Branches:
Dungeon (6/15)             Temple (1/1) D:4

Altars:
Ashenzari
Dithmenos
Elyvilon
Fedhas
Gozag
Hepliaklqana
Kikubaaqudgha
Makhleb
Nemelex Xobeh
Okawaru
Qazlal
Ru
Sif Muna
Trog
Uskayaw
Vehumet
Wu Jian
Xom
Yredelemnul
The Shining One

Shops:
D:4 ?

Annotations:
D:4 Sigmund
D:5 2 transporters, Maxyboy444's ghost, novice MiBe


Innate Abilities, Weirdness & Mutations

You are resistant to torment.
Your stone body is resilient. (AC +5)
You are immune to poison.
You resist negative energy. (rN+)
You are resistant to electric shocks. (rElec)
You can survive without breathing.
You are immune to petrification.
You are immune to rotting.


Message History

You climb downwards.
The orc priest mumbles some strange prayers to Beogh against you.
Beogh smites you!
The orc warrior hits you but does no damage.
There is a stone staircase leading up here.
The orc priest calls down the wrath of Beogh upon you.
Beogh smites you!
* * * LOW HITPOINT WARNING * * *
You block the orc warrior's attack.
You climb upwards.
Level annotation: 2 transporters, Maxyboy444's ghost, novice MiBe
There is a stone staircase leading down here.
You sock the orc warrior!
The orc warrior hits you with a +0 trident.
* * * LOW HITPOINT WARNING * * *
You closely miss the orc warrior.
The orc warrior hits you with a +0 trident!
* * * LOW HITPOINT WARNING * * *
You hit the orc warrior but do no damage.
You block the orc warrior's attack.
Unknown command.
You hit the orc warrior.
The orc warrior hits you with a +0 trident.
* * * LOW HITPOINT WARNING * * *
You closely miss the orc warrior. You block the orc warrior's attack.
Unknown command.
You closely miss the orc warrior. You hit the orc warrior.
You block the orc warrior's attack.
You hit the orc warrior.
The orc warrior hits you with a +0 trident.
* * * LOW HITPOINT WARNING * * *
You hit the orc warrior but do no damage.
The orc warrior hits you but does no damage.
Unknown command.
You hit the orc warrior but do no damage.
The orc warrior hits you but does no damage.
Unknown command.
You closely miss the orc warrior.
The orc warrior hits you with a +0 trident.
* * * LOW HITPOINT WARNING * * *
You hit the orc warrior. You block the orc warrior's attack.
Unknown command.
You closely miss the orc warrior.
The orc warrior hits you but does no damage.
Unknown command.
You hit the orc warrior.
Unknown command.
Your plate armour prevents you from hitting the orc warrior.
The orc warrior hits you with a +0 trident!
You die...

..##......#......................
.......##......##...##...........
#..#..####......##.###......#....
..##..##[......###.........##....
...#..###......# ##........#...##
...#..#........###...........###.
.<..#............................
....#.#####...................>..
.......# #.....@..............##
...#..#####..##..o...........##..
.###.....#..###.............###..
......##.....####..........##....
.#.......#...............##......
##.......#.....#.##.............#
###...#.....#...................#
######....##..................#
##..<.##.###............##


You could see an orc warrior.

Vanquished Creatures
  Grinder (D:3)
  2 sky beasts (D:5)
  2 ogres (D:4)
  A phantom (D:4)
  A centaur (D:4)
  A water moccasin zombie (D:5)
  A howler monkey (D:5)
  A hound (D:3)
  A jelly (D:5)
  An orc priest (D:3)
  A centaur skeleton (D:4)
  An iguana (D:5)
  Jessica (D:3)
  An orc wizard (D:3)
  2 worker ants (D:5)
  Ijyb (D:5)
  2 hound skeletons
  3 gnolls (D:4)
  5 adders
  3 ufetubi
  An ooze (D:4)
  An adder zombie (D:4)
  3 worms (D:3)
  4 dart slugs
  6 leopard geckos
  12 orcs
  3 ball pythons
  A giant cockroach (D:1)
  10 goblins
  12 hobgoblins
  6 jackals (D:2)
  12 kobolds
  A quokka (D:5)
  9 bats
  4 frilled lizards (D:1)
  3 rats
120 creatures vanquished.

Notes
Turn   | Place    | Note
-------+----------+-------------------------------------------
     0 | D:1      | MrTaco21 the Gargoyle Fighter began the quest for the Orb.
     0 | D:1      | Reached XP level 1. HP: 14/14 MP: 1/1
   103 | D:1      | You fall into a shaft and drop 1 floor!
   139 | D:2      | Reached skill level 3 in Maces & Flails
   139 | D:2      | Reached XP level 2. HP: 16/19 MP: 2/2
   260 | D:2      | Found a glowing golden altar of the Shining One.
   262 | D:2      | Found a sparkling altar of Nemelex Xobeh.
   378 | D:2      | Reached XP level 3. HP: 21/23 MP: 3/3
   461 | D:2      | Found a sacrificial altar of Ru.
   461 | D:2      | Found a shimmering blue altar of Sif Muna.
   464 | D:2      | Found a white marble altar of Elyvilon.
  1189 | D:2      | Reached skill level 4 in Maces & Flails
  1299 | D:1      | Reached XP level 4. HP: 26/28 MP: 4/4
  2303 | D:3      | Reached skill level 5 in Maces & Flails
  2303 | D:3      | Reached XP level 5. HP: 22/32 MP: 5/5
  2315 | D:3      | Noticed Jessica
  2327 | D:3      | Killed Jessica
  2681 | D:3      | Noticed Grinder
  2700 | D:3      | Killed Grinder
  2700 | D:3      | Reached skill level 7 in Maces & Flails
  2700 | D:3      | Reached XP level 6. HP: 37/37 MP: 6/6
  2727 | D:3      | Found a burning altar of Makhleb.
  2800 | D:3      | Reached XP level 7. HP: 37/41 MP: 7/7
  2934 | D:3      | Found a radiant altar of Vehumet.
  2935 | D:3      | Found a hide-covered altar of Uskayaw.
  3223 | D:4      | Found an iron altar of Okawaru.
  3226 | D:4      | Found a shimmering altar of Xom.
  3229 | D:4      | Found a shattered altar of Ashenzari.
  3366 | D:4      | Reached skill level 8 in Maces & Flails
  3613 | D:4      | Found a staircase to the Ecumenical Temple.
  3834 | D:4      | Noticed Sigmund
  3859 | Temple   | Entered the Ecumenical Temple
  3978 | Temple   | Became a worshipper of Qazlal Stormbringer
  4363 | D:4      | Reached skill level 9 in Maces & Flails
  4363 | D:4      | Reached XP level 8. HP: 29/46 MP: 8/8
  4663 | D:4      | Found Sefishreo's Magic Scroll Boutique.
  4745 | D:5      | Entered Level 5 of the Dungeon
  4821 | D:5      | Noticed Maxyboy444's ghost (novice MiBe)
  4838 | D:5      | Found a transporter.
  4953 | D:5      | Noticed Ijyb
  4972 | D:5      | Paralysed by Ijyb for 3 turns
  4979 | D:5      | Killed Ijyb
  5268 | D:5      | Reached skill level 10 in Maces & Flails
  5358 | D:5      | Found a transporter.
  5962 | D:5      | HP: 1/46 [orc warrior/+0 trident (6)]
  5966 | D:5      | Mangled by an orc warrior

Illustrated notes

Levels and vault maps discovered:
D:1:      matt_arrival_los_fun, layout_basic, serial_rivers,
          chequers_serial_rivers_micro_e, chequers_serial_rivers_small_3,
          chequers_serial_rivers_micro_d, chequers_serial_rivers_large_a
D:2:      layout_loops_corners, nicolae_overflow_hidden_temple,
          minmay_goblin_kobold_house
D:3:      layout_rooms, gammafunk_temple_overflow_pools,
          makhleb_heckhound_becter, uniq_jessica, uniq_grinder
D:4:      layout_layer_cave, grunt_temple_overflow_diamond,
          minmay_temple_entry_mist, serial_shops, nicolae_shop_behind_doors,
          dk_vineyard_1, grunt_ministairs_14, uniq_sigmund
D:5:      layout_cave_pools, gammafunk_ghost_stat_death, uniq_ijyb
D:6:      layout_loops_ring, grunt_temple_overflow_order_and_chaos_2,
          kennysheep_little_box, hangedman_glass_teeth,
          minmay_misc_feat_more_columns, st_stairs_7
Temple:   nicolae_temple_figure_zero

Skill      XL: |  1  2  3  4  5  6  7  8 |
---------------+-------------------------+-----
Maces & Flails | 3 4 5 7 9 10 | 10.3
Fighting       | |  3.2
Armour         | |  3.2
Shields        | |  3.2

Action                   |  1- 3 |  4- 6 |  7- 9 || total
-------------------------+-------+-------+-------++-------
Melee: Flail             |   126 |   175 |   284 ||   585
Throw: Dart              |       |       |     8 ||     8
  Use: Scroll            |     4 |       |       ||     4
Armor: Scale mail        |    56 |       |       ||    56
       Plate armour      |    43 |   102 |   240 ||   385
Dodge: Dodged            |    27 |    20 |    54 ||   101
Block: Kite shield       |    76 |    69 |   160 ||   305

Table legend: (Time is in decaauts)
 A = Elapsed time spent in this place.
 B = Non-inter-level travel time spent in this place.
 C = Inter-level travel time spent in this place.
 D = Time resting spent in this place.
 E = Time spent auto-exploring this place.
 F = Levels seen in this place.
 G = Mean time per level.
                   A        B        C        D        E       F      G
               +--------+--------+--------+--------+--------+-----+--------+
         Total |   6072 |   5824 |    248 |    782 |   3799 |   7 |  867.4 |
       Dungeon |   5939 |   5703 |    236 |    782 |   3692 |   6 |  989.8 |
        Temple |    132 |    120 |     12 |      0 |    107 |   1 |  132.0 |
               +--------+--------+--------+--------+--------+-----+--------+

Top non-repeatable levels by time:
     D:4: 1608 daAuts
     D:2: 1192 daAuts
     D:1: 1149 daAuts
     D:5: 1074 daAuts
     D:3: 766 daAuts
     D:6: 148 daAuts
  Temple: 132 daAuts
